 Dungeon Crawl Stone Soup version 0.30.1 (webtiles) character file.

Game seed: 1058131201789758433

3981 croobank the Covert (level 10, 0/69 HPs)
             Began as an Octopode Delver on July 3, 2023.
             Was a Priest of Sif Muna.
             Slain by an orc
             ... wielding a +0 flail
              (5 damage)
             ... on level 8 of the Dungeon.
             The game lasted 01:33:53 (8305 turns).

croobank the Covert (Octopode Delver)               Turns: 8305, Time: 01:33:54

Health: 0/69       AC:  3    Str: 11    XL:     10   Next: 22%
Magic:  17/17      EV: 14    Int: 14    God:    Sif Muna [***...]
Gold:   273        SH:  0    Dex: 13    Spells: 19/19 levels left

rFire   . . .        v - +2 falchion (elec)
rCold   . . .        w - +0 buckler
rNeg    . . .        (helmet restricted)
rPois   .            (no amulet)
rElec   .            (no ring)
rCorr   .            (no ring)
SInv    .            (no ring)
Will    .....        (no ring)
Stlth   +++          (no ring)
HPRegen 0.31/turn    (no ring)
MPRegen 0.15/turn    (no ring)
                     (no ring)

%: no passive effects
@: confused, ambrosia-drunk
A: almost no armour, amphibious, 8 rings, camouflage 1, gelatinous body 1,
(nimble swimmer 1), tentacles, iridescent scales 1, dopey 2
a: Renounce Religion, Channel Magic, Forget Spell


You were on level 8 of the Dungeon.
You worshipped Sif Muna.
Sif Muna was most pleased with you.
You visited 1 branch of the dungeon, and saw 8 of its levels.

You collected 493 gold pieces.
You spent 220 gold pieces at shops.

Inventory:

Hand Weapons
 a - a +0 hand axe
 c - a +1 short sword
 g - a +1 dagger of venom
 h - a +1 whip of electrocution
 m - a +1 scythe of venom
 t - a +1 dire flail of protection
 v - a +2 falchion of electrocution (weapon)
Missiles
 C - 5 poisoned darts (quivered)
Armour
 e - an orb of mayhem
 w - a +0 buckler (worn)
Magical Staves
 x - a staff of poison
Jewellery
 u - a +4 ring of protection
Wands
 f - a wand of digging (3)
 q - a wand of flame (18)
Scrolls
 b - 3 scrolls of fog
 y - 2 scrolls of identify
 B - a scroll of enchant weapon
Potions
 i - a potion of flight
 k - 2 potions of magic
 l - a potion of cancellation
 o - a potion of attraction
 p - 2 potions of brilliance


   Skills:
 - Level 6.3 Fighting
 - Level 5.9 Axes
 - Level 5.7 Dodging
 - Level 10.2 Stealth
 - Level 5.0 Shields
 + Level 5.1 Spellcasting
 - Level 5.4 Invocations


You had 19 spell levels left.
You didn't know any spells.
Your spell library was empty.

Dungeon Overview and Level Annotations

Branches:
Dungeon (8/15)             Temple (0/1) D:7            Lair (0/5) D:8

Altars:
Hepliaklqana
Okawaru
Ru
Sif Muna
Xom

Shops:
D:1 !

Annotations:
D:7 Maggie


Innate Abilities, Weirdness & Mutations

You cannot wear most types of armour.
You are amphibious.
You can wear up to eight rings at the same time.
Your skin changes colour to match your surroundings (Stealth+).
Your rubbery body absorbs attacks. (AC +1, EV +1)
((You are camouflaged when in or above water. (Stealth+)))
You have tentacles for arms and can constrict up to eight enemies at once.
You are partially covered in iridescent scales. (AC +2)
You are very dopey. (Int -4)


Message History

You hit the ice beast.
The ice beast is lightly wounded.
The ice beast barely misses you.
The ice beast hits you but does no damage.
You barely miss the ice beast. Your squeeze misses the ice beast.
The ice beast is lightly wounded.
The ice beast closely misses you.
You hit the ice beast but do no damage.
You squeeze the ice beast, but do no damage.
The ice beast is lightly wounded.
The ice beast hits you. The ice beast freezes you!
You hit the ice beast.
The ice beast is heavily wounded.
The ice beast hits you. The ice beast freezes you! The ice beast hits you.
The ice beast freezes you!
You hit the ice beast. You squeeze the ice beast.
The ice beast is severely wounded.
You block the ice beast's attack.
You hit the ice beast.
The ice beast is almost dead.
The ice beast barely misses you.
You closely miss the ice beast.
The ice beast is almost dead.
The ice beast closely misses you. The orc closely misses you.
The ice beast hits you. The ice beast freezes you!
* * * LOW HITPOINT WARNING * * *
You block the orc's attack.
Okay, then.
Okay, then.
You are confused.
You feel invigorated. The ice beast misses you.
The orc hits you with a +0 flail!
* * * LOW HITPOINT WARNING * * *
The orc misses you.
You bump into the metal wall.
The ice beast hits you.
* * * LOW HITPOINT WARNING * * *
The ice beast freezes you.
* * * LOW HITPOINT WARNING * * *
The orc hits you with a +0 flail.
You die...

................##...#*,,,,,,,,,*
.....#..........##...#..,,,,,,,,,
.....#...............#...,,*,,*,,
.....#............<......,,,,,,,,
.....##...##.............,,,,,*,*
#######...##.......~....,,,*,***,
......................#..**,,,,*,
.................o#......*,,,,,*,
................@o....#,,,,,>,,,,
#....##.####.##Y##.......,,,,,,*,
###+#*#.#**#.##.#*#...#.#**,,,*,*
,,,,,,..#,,......,,......***,,**,
,,,,,...#,........,,....#,*,,,,,*
,,,,....+..........,.o...,,,,,,,,
,,,.....#....#######,....,,~,**,,
*,,**,,,**...**,,,**,....,,,,,,,,
*,,**,,,**,,,*,,,,,,,,,,,,,,,,,,,


You could see an ice beast and 2 orcs.

Vanquished Creatures
  Pikel (D:5)
  Sigmund (D:4)
  3 yaks
  A steam dragon (D:7)
  Menkaure (D:4)
  Edmund (D:4)
  A water moccasin (D:6)
  An orc warrior (D:6)
  2 ogres
  A centaur (D:6)
  4 ice beasts
  A wolf (D:8)
  2 phantoms
  2 lemures (D:5)
  A kobold brigand (D:7)
  A gnoll sergeant (D:7)
  A wyvern zombie (D:7)
  4 wights (D:6)
  5 killer bees
  A howler monkey (D:7)
  3 bullfrog zombies (D:7)
  5 hounds
  3 orc priests
  4 iguanas
  5 orc wizards
  A killer bee zombie (D:7)
  A howler monkey zombie (D:7)
  5 gnolls
  12 adders
  2 white imps
  A worm (D:3)
  4 dart slugs
  12 orcs
  3 ball pythons
  4 bats
  6 endoplasms
  3 giant cockroaches
  9 goblins
  5 hobgoblins
  5 jackals (D:1)
  10 kobolds
  4 quokkas
  A frilled lizard (D:2)
  5 rats
148 creatures vanquished.

Notes
Turn   | Place    | Note
-------+----------+-------------------------------------------
     0 | D:5      | croobank the Octopode Delver began the quest for the Orb.
     0 | D:5      | Reached XP level 1. HP: 16/16 MP: 1/1
    20 | D:5      | Noticed an ice beast
    67 | D:6      | Noticed an ice beast
   194 | D:6      | Noticed a hound
   222 | D:6      | Killed a hound
   223 | D:6      | Reached XP level 2. HP: 8/21 MP: 2/2
   223 | D:6      | Reached XP level 3. HP: 10/26 MP: 3/3
   423 | D:5      | Reached skill level 7 in Stealth
   575 | D:5      | Reached XP level 4. HP: 28/31 MP: 4/4
   700 | D:4      | Noticed Sigmund
   730 | D:4      | Noticed Menkaure
   759 | D:2      | Found a shimmering blue altar of Sif Muna.
   842 | D:2      | Became a worshipper of Sif Muna the Loreminder
  1001 | D:1      | Found Mudaex's Distillery.
  1106 | D:1      | Found a faded altar of an unknown god.
  1292 | D:1      | Reached * piety under Sif Muna
  2027 | D:2      | Reached XP level 5. HP: 36/36 MP: 4/6
  2405 | D:3      | Reached skill level 1 in Invocations
  2765 | D:3      | Reached skill level 1 in Spellcasting
  3155 | D:3      | Found a hazy altar of Hepliaklqana.
  3349 | D:1      | Bought a potion of invisibility for 88 gold pieces
  3349 | D:1      | Bought a potion of ambrosia for 88 gold pieces
  3349 | D:1      | Bought a potion of might for 44 gold pieces
  3413 | D:4      | Killed Menkaure
  3414 | D:4      | Reached XP level 6. HP: 21/43 MP: 6/8
  3441 | D:4      | Killed Sigmund
  3442 | D:4      | Reached skill level 8 in Stealth
  3442 | D:4      | Reached XP level 7. HP: 23/48 MP: 9/9
  3617 | D:4      | Reached ** piety under Sif Muna
  4006 | D:4      | Noticed Edmund
  4033 | D:4      | Killed Edmund
  4461 | D:5      | Noticed Pikel
  4498 | D:5      | Killed Pikel
  4499 | D:5      | Reached skill level 5 in Fighting
  4499 | D:5      | Reached XP level 8. HP: 32/55 MP: 10/12
  4756 | D:5      | Reached skill level 9 in Stealth
  4756 | D:5      | HP: 2/55 [something/magic dart (9)]
  4758 | D:5      | Gained mutation: You are dopey. (Int -2) [potion of
                  | mutation]
  4758 | D:5      | Gained mutation: You are very dopey. (Int -4) [potion of
                  | mutation]
  4758 | D:5      | Gained mutation: You are partially covered in iridescent
                  | scales. (AC +2) [potion of mutation]
  5247 | D:5      | Reached skill level 5 in Axes
  5282 | D:6      | Reached XP level 9. HP: 61/61 MP: 14/14
  5415 | D:6      | Reached skill level 5 in Dodging
  5446 | D:6      | Found a shimmering altar of Xom.
  5523 | D:7      | Found a staircase to the Ecumenical Temple.
  5794 | D:7      | Found an iron altar of Okawaru.
  6322 | D:6      | Reached *** piety under Sif Muna
  6323 | D:6      | Reached skill level 5 in Invocations
  6507 | D:6      | Found a sacrificial altar of Ru.
  6806 | D:7      | Reached skill level 10 in Stealth
  7259 | D:7      | Noticed Maggie
  7425 | D:8      | Reached skill level 1 in Shields
  7682 | D:7      | Reached XP level 10. HP: 69/69 MP: 16/16
  7832 | D:7      | Reached skill level 5 in Shields
  8131 | D:8      | Reached skill level 5 in Spellcasting
  8305 | D:8      | Slain by an orc

Illustrated notes

Levels and vault maps discovered:
D:1:      dpeg_arrival_round_c, layout_basic, serial_shops,
          nicolae_shop_waterfront, ebering_ecumenical_altar_rust
D:2:      layout_basic, basic_altar
D:3:      layout_rooms, nzn_hepliaklqana_mist_gate
D:4:      layout_loops_ring, gup_sewer_entry_bowl, uniq_edmund, uniq_sigmund,
          uniq_menkaure
D:5:      layout_basic, skrybe_limestone_x, chequers_serial_rivers_small_3,
          corexii_item_surrounded_by_moat, uniq_pikel
D:6:      layout_loops_ring, marbit_many_paths, mainiacjoe_overflow_boulevard
D:7:      layout_cave_pods, nemelex_dance_club_becter,
          okawaru_ov_weapons_minmay, minmay_temple_entry_large_hall,
          serial_undead, serial_undead_e, serial_undead_e, serial_undead_a,
          serial_undead_e, chequers_arboretum, uniq_crazy_yiuf_cottage,
          uniq_maggie
D:8:      layout_gridville, bloody_makhleb, hellmonk_lair_entry_icy,
          enter_bailey_5, minivault_22, uniq_maurice

Skill      XL: |  1  2  3  4  5  6  7  8  9 10 |
---------------+-------------------------------+-----
Stealth        | 7 8 9 10 | 10.2
Invocations    | 1 2 3 4 5 |  5.4
Axes           | 3 4 5 |  5.9
Dodging        | 3 4 5 |  5.7
Spellcasting   | 1 3 4 5 |  5.1
Fighting       | 4 5 6 |  6.3
Shields        | 3 5 |  5.0

Action                     |  1- 3 |  4- 6 |  7- 9 | 10-12 || total
---------------------------+-------+-------+-------+-------++-------
  Melee: Hand axe          |    16 |    28 |       |       ||    44
         Constrict         |     4 |    32 |    43 |     7 ||    86
         Short sword       |       |    89 |    79 |       ||   168
         Tentacles         |       |    23 |    83 |     8 ||   114
         Punch             |       |       |     6 |     1 ||     7
         Dagger            |       |       |   159 |       ||   159
         Falchion          |       |       |    16 |    49 ||    65
  Throw: Dart              |       |       |     8 |     2 ||    10
  Evoke: Wand              |       |       |    14 |       ||    14
    Use: Scroll            |     1 |    12 |    10 |       ||    23
         Potion            |       |     3 |     8 |     2 ||    13
   Stab: Sleeping          |     3 |    24 |    13 |       ||    40
         Invisible         |       |     1 |       |       ||     1
         Distracted        |       |       |     2 |       ||     2
 Armour: Skin              |     2 |     3 |    49 |     5 ||    59
  Dodge: Dodged            |    15 |    67 |   145 |    46 ||   273
  Block: Buckler           |       |       |     3 |    15 ||    18
